 Dungeon Crawl Stone Soup version 0.27-a0-1334-g2746e35aca (webtiles) character file.

Game seed: 7457017905695283581

655 Gargoyl the Skirmisher (level 7, 0/60 HPs)
             Began as a Gnoll Abyssal Knight on June 26, 2021.
             Was a Believer of Lugonu.
             Slain by a killer bee (4 damage)
             ... on level 3 of the Dungeon.
             The game lasted 00:05:05 (3585 turns).

Gargoyl the Skirmisher (Gnoll Abyssal Knight)       Turns: 3585, Time: 00:05:07

Health: 0/60       AC:  7    Str: 14    XL:     7   Next: 54%
Magic:  11/11      EV: 10    Int: 17    God:    Lugonu [**....]
Gold:   171        SH:  0    Dex: 11    Spells: 11/11 levels left

rFire    . . .     SeeInvis .   a - +1 hand axe
rCold    + . .     Faith    .   (no shield)
rNeg     . . .     Spirit   .   h - +0 scale mail
rPois    .         Reflect  .   (no helmet)
rElec    .         Harm     .   (no cloak)
rCorr    .         Rampage  .   (no gloves)
Will     .....                  (no boots)
Stlth    +.........             (no amulet)
HPRegen  0.20/turn              c - ring of protection from cold
MPRegen  0.12/turn              e - +6 ring of intelligence

@: no status effects
A: fangs 1, strong nose, distributed training
a: Renounce Religion, Depart the Abyss, Bend Space


You were on level 3 of the Dungeon.
You worshipped Lugonu.
Lugonu was pleased with you.
You visited 1 branch of the dungeon, and saw 4 of its levels.
You visited the Abyss 1 time.

You collected 171 gold pieces.

Inventory:

Hand Weapons
 a - a +1 hand axe (weapon)
Missiles
 j - 5 poisoned darts (quivered)
Armour
 h - a +0 scale mail (worn)
Jewellery
 c - a ring of protection from cold (left hand)
 e - a +6 ring of intelligence (right hand)
 f - a +6 ring of intelligence
Scrolls
 d - 2 scrolls of identify
 g - a scroll of blinking


   Skills:
 + Level 7.1 Fighting
 + Level 2.5 Short Blades
 + Level 2.5 Long Blades
 + Level 5.3 Axes
 + Level 2.5 Maces & Flails
 + Level 2.5 Polearms
 + Level 2.5 Staves
 + Level 2.5 Slings
 + Level 2.5 Bows
 + Level 2.5 Crossbows
 + Level 2.5 Throwing
 + Level 5.3 Armour
 + Level 3.7 Dodging
 + Level 2.5 Stealth
 + Level 2.5 Shields
 + Level 2.5 Unarmed Combat
 + Level 2.5 Spellcasting
 + Level 2.1 Conjurations
 + Level 2.1 Hexes
 + Level 2.1 Summonings
 + Level 2.1 Necromancy
 + Level 2.1 Translocations
 + Level 2.1 Transmutations
 + Level 2.1 Fire Magic
 + Level 2.1 Ice Magic
 + Level 2.1 Air Magic
 + Level 2.1 Earth Magic
 + Level 2.1 Poison Magic
 + Level 5.4 Invocations
 + Level 2.5 Evocations


You had 11 spell levels left.
You didn't know any spells.
Your spell library was empty.

Dungeon Overview and Level Annotations

Branches:
Dungeon (4/15)
 Temple: D:4-7

Altars:
Elyvilon


Innate Abilities, Weirdness & Mutations

You have very sharp teeth.
Your uncanny sense of smell can sniff out nearby items.
Your experience applies equally to all skills.


Message History

* * * LOW HITPOINT WARNING * * *
The killer bee stings you.
* * * LOW HITPOINT WARNING * * *
You climb upwards.
There is a stone staircase leading down here.
It was a potion of curing.
You feel better.
The killer bee stings you but does no damage.
The killer bee stings you.
* * * LOW HITPOINT WARNING * * *
Okay, then.
There are no items here.
There are no items here.
Throw: 9 darts (poison)
Press: ? - help, Q - select action, (/) - cycle Shift-Dir - straight line, f - killer bee
Aim: a killer bee (31% to hit)
You throw a poisoned dart.
The poisoned dart barely misses the killer bee.
The killer bee stings you but does no damage.
The killer bee misses you.
Throw: 8 darts (poison)
Press: ? - help, Q - select action, (/) - cycle Shift-Dir - straight line, f/p - killer bee
Aim: a killer bee (31% to hit)
You throw a poisoned dart.
The poisoned dart misses the killer bee.
The killer bee closely misses you. x2
Throw: 7 darts (poison)
Press: ? - help, Q - select action, (/) - cycle Shift-Dir - straight line, f/p - killer bee
Aim: a killer bee (31% to hit)
You throw a poisoned dart.
The poisoned dart misses the killer bee.
The killer bee barely misses you.
Throw: 6 darts (poison)
Press: ? - help, Q - select action, (/) - cycle Shift-Dir - straight line, f/p - killer bee
Aim: a killer bee (31% to hit)
You throw a poisoned dart.
The poisoned dart closely misses the killer bee.
The killer bee stings you.
* * * LOW HITPOINT WARNING * * *
The killer bee stings you.
You die...

###########.##.#.........##...≈
#####.##.#######.........
#≈#.........##....##...#. ###
###≈#.........#.......#....
#≈###≈≈≈#<.................#...
##≈#≈#≈≈##................#.....
#≈≈≈≈#≈#≈#................##....
#≈≈≈≈#≈#≈#.....)...#.......#..#.
#≈###≈≈#≈#....)@................
##≈#
#≈##≈#.....y..........##....
#≈≈#
#≈##≈#................###.#.
≈≈≈# #≈##≈#.....(...#.....##
#.## ≈≈≈###≈##≈############...##
#.## ≈#≈≈####≈≈# ##### #.##
≈#≈≈## #≈≈# #.## ###≈≈# #≈≈#
####... #≈≈# #≈##
##############.....#


You could see a killer bee.

Vanquished Creatures
  A glowing orange brain (Abyss:1)
  3 gnolls
  6 adders
  A worm (D:2)
  A dart slug (D:2)
  5 orcs (D:3)
  10 ball pythons
  7 bats
  An endoplasm (D:1)
  5 giant cockroaches
  8 goblins
  11 hobgoblins
  2 jackals (D:1)
  2 quokkas
  A frilled lizard (D:2)
  3 kobolds (D:1)
  7 rats
74 creatures vanquished.

Vanquished Creatures (others)
  2 starspawn tentacles (Abyss:1)
2 creatures vanquished.

Grand Total: 76 creatures vanquished

Notes
Turn   | Place    | Note
-------+----------+-------------------------------------------
     0 | Abyss:1  | Gargoyl the Gnoll Abyssal Knight began the quest for the
                  | Orb.
     0 | Abyss:1  | Reached XP level 1. HP: 23/23 MP: 3/3
    83 | Abyss:1  | Noticed a tentacled starspawn
   104 | Abyss:1  | Noticed a bone dragon
   149 | Abyss:1  | Noticed a glowing orange brain
   180 | Abyss:1  | Killed a glowing orange brain
   180 | Abyss:1  | Noticed a tentacled starspawn
   181 | Abyss:1  | Reached skill level 7 in Fighting
   181 | Abyss:1  | Reached skill level 5 in Axes
   181 | Abyss:1  | Reached skill level 5 in Armour
   181 | Abyss:1  | Reached skill level 1 in Conjurations
   181 | Abyss:1  | Reached skill level 1 in Hexes
   181 | Abyss:1  | Reached skill level 1 in Summonings
   181 | Abyss:1  | Reached skill level 1 in Necromancy
   181 | Abyss:1  | Reached skill level 1 in Translocations
   181 | Abyss:1  | Reached skill level 1 in Transmutations
   181 | Abyss:1  | Reached skill level 1 in Fire Magic
   181 | Abyss:1  | Reached skill level 1 in Ice Magic
   181 | Abyss:1  | Reached skill level 1 in Air Magic
   181 | Abyss:1  | Reached skill level 1 in Earth Magic
   181 | Abyss:1  | Reached skill level 1 in Poison Magic
   181 | Abyss:1  | Reached skill level 5 in Invocations
   181 | Abyss:1  | Reached XP level 2. HP: 31/31 MP: 3/5
   181 | Abyss:1  | Reached XP level 3. HP: 36/36 MP: 3/6
   181 | Abyss:1  | Reached XP level 4. HP: 43/43 MP: 3/7
   181 | Abyss:1  | Reached XP level 5. HP: 48/48 MP: 3/8
   181 | Abyss:1  | Reached XP level 6. HP: 55/55 MP: 3/9
   181 | Abyss:1  | Reached XP level 7. HP: 60/60 MP: 3/10
   276 | D:1      | Escaped the Abyss
   444 | D:1      | Reached * piety under Lugonu
  1003 | D:1      | Found a faded altar of an unknown god.
  1826 | D:2      | Found a white marble altar of Elyvilon.
  2221 | D:3      | Reached ** piety under Lugonu
  3579 | D:4      | HP: 3/60 [killer bee (4)]
  3585 | D:3      | Slain by a killer bee

Illustrated notes

Levels and vault maps discovered:
D:1:      minmay_arrival_stair_chambers, layout_basic,
          ebering_ecumenical_altar_abandoned
D:2:      layout_basic, basic_altar, grunt_ministairs_3, hex_tiny
D:3:      layout_rooms, serial_rivers, chequers_serial_rivers_small_b,
          chequers_serial_rivers_large_b, chequers_serial_rivers_micro_e,
          chequers_serial_rivers_marsh, chequers_serial_rivers_large_a,
          minmay_circle_x, uniq_jessica
D:4:      minmay_recursive_quarters, layout_loops_ring, uniq_menkaure,
          uniq_eustachio, uniq_ijyb

Skill      XL: |  1  2  3  4  5  6  7 |
---------------+----------------------+-----
Fighting       | 7 |  7.1
Short Blades   | 2 |  2.5
Long Blades    | 2 |  2.5
Axes           | 5 |  5.3
Maces & Flails | 2 |  2.5
Polearms       | 2 |  2.5
Staves         | 2 |  2.5
Slings         | 2 |  2.5
Bows           | 2 |  2.5
Crossbows      | 2 |  2.5
Throwing       | 2 |  2.5
Armour         | 5 |  5.3
Dodging        | 3 |  3.7
Stealth        | 2 |  2.5
Shields        | 2 |  2.5
Unarmed Combat | 2 |  2.5
Spellcasting   | 2 |  2.5
Conjurations   | 1 2 |  2.1
Hexes          | 1 2 |  2.1
Summonings     | 1 2 |  2.1
Necromancy     | 1 2 |  2.1
Translocations | 1 2 |  2.1
Transmutations | 1 2 |  2.1
Fire Magic     | 1 2 |  2.1
Ice Magic      | 1 2 |  2.1
Air Magic      | 1 2 |  2.1
Earth Magic    | 1 2 |  2.1
Poison Magic   | 1 2 |  2.1
Invocations    | 5 |  5.4
Evocations     | 2 |  2.5

Action                   |  1- 3 |  4- 6 |  7- 9 || total
-------------------------+-------+-------+-------++-------
Melee: Hand axe          |    30 |       |   233 ||   263
       Bite              |     4 |       |    15 ||    19
       Punch             |       |       |     2 ||     2
Throw: Dart              |       |       |     4 ||     4
Invok: Depart the Abyss  |       |       |     1 ||     1
  Use: Scroll            |     2 |       |     3 ||     5
       Potion            |       |       |     2 ||     2
 Stab: Sleeping          |       |       |     6 ||     6
Armor: Leather armour    |       |       |    82 ||    82
       Scale mail        |       |       |    46 ||    46
Dodge: Dodged            |       |       |   203 ||   203

Table legend: (Time is in decaauts)
 A = Elapsed time spent in this place.
 B = Non-inter-level travel time spent in this place.
 C = Inter-level travel time spent in this place.
 D = Time resting spent in this place.
 E = Time spent auto-exploring this place.
 F = Levels seen in this place.
 G = Mean time per level.
                   A        B        C        D        E       F      G
               +--------+--------+--------+--------+--------+-----+--------+
         Total |   3640 |   3498 |    142 |    462 |   2175 |   5 |  728.0 |
       Dungeon |   3361 |   3219 |    142 |    404 |   2073 |   4 |  840.2 |
         Abyss |    278 |    278 |      0 |     58 |    102 |   1 |  278.0 |
               +--------+--------+--------+--------+--------+-----+--------+

Top non-repeatable levels by time:
     D:3: 1398 daAuts
     D:1: 1199 daAuts
     D:2: 689 daAuts
 Abyss:1: 278 daAuts
     D:4: 74 daAuts
